 Dungeon Crawl Stone Soup version 0.24-a0-445-gd5110b030a (webtiles) character file.

Game seed: 15447912537196023456

111191 vurker the Severer (level 16, -13/151 (152) HPs)
             Began as a Hill Orc Monk on June 22, 2019.
             Was the Champion of Yredelemnul.
             Killed from afar by Aizul (60 damage)
             ... with a bolt of poison
             ... on level 2 of the Snake Pit.
             The game lasted 01:16:13 (38192 turns).

vurker the Severer (Hill Orc Monk)                 Turns: 38192, Time: 01:16:14

HP:   -13/151 (152) AC: 33    Str: 26    XL:     16   Next: 57%
MP:   28/28         EV: 22    Int:  6    God:    Yredelemnul [******]
Gold: 1222          SH: 20    Dex: 13    Spells: 15/15 levels left

rFire    + . .     SeeInvis .   b - +4 scimitar (flame)
rCold    . . .     Gourm    .   I - +0 large shield
rNeg     . . .     Faith    .   M - +10 plate armour of the Meadowlark {+Inv rElec Regen+ Int-4}
rPois    x         Spirit   .   y - +1 helmet
rElec    +         Reflect  .   h - scarf {repulsion}
rCorr    .         Harm     .   L - +1 pair of gloves {Str+3}
MR       +....                  S - +2 pair of boots {Stlth+}
Stlth    ..........             k - amulet "Maqun" {Acrobat +Blink}
HPRegen  0.75/turn              i - ring of protection from fire
MPRegen  0.21/turn              p - +1 ring of slaying

@: lethally poisoned (-13 -> -57), poison vulnerable, acrobat, repel missiles
A: strong 1
a: Recall Undead Slaves, Injury Mirror, Animate Dead, Drain Life, Enslave Soul,
Renounce Religion, Evoke Blink, Evoke Invisibility


You were on level 2 of the Snake Pit.
You worshipped Yredelemnul.
Yredelemnul was exalted by your worship.
You were not hungry.

You visited 4 branches of the dungeon, and saw 25 of its levels.
You also visited: Gauntlet.

You collected 1898 gold pieces.
You spent 676 gold pieces at shops.

Inventory:

Hand Weapons
 a - a +0 broad axe of venom
   (You found it on level 13 of the Dungeon)
 b - a +4 scimitar of flaming (weapon)
   (You took it off an efreet on level 11 of the Dungeon)
Armour
 h - a scarf of repulsion (worn)
   (You acquired it on level 3 of the Lair of Beasts)
 y - a +1 helmet (worn)
   (You found it on level 11 of the Dungeon)
 I - a +0 large shield (worn)
   (You found it on level 3 of the Lair of Beasts)
 L - a +1 pair of gloves of strength (worn)
   (You found it on level 6 of the Lair of Beasts)
 M - the +10 plate armour of the Meadowlark (worn) {+Inv rElec Regen+ Int-4}
   (You took it off an orc warlord on level 2 of the Orcish Mines)

   It affects your intelligence (-4).
   It insulates you from electricity.
   It lets you turn invisible.
   It increases your rate of regeneration.
 S - a +2 pair of boots of stealth (worn)
   (You found it on level 2 of the Orcish Mines)
Jewellery
 i - a ring of protection from fire (left hand)
   (You found it on level 7 of the Dungeon)
 k - the amulet "Maqun" (around neck) {Acrobat +Blink}
   (You found it on level 10 of the Dungeon)

   [amulet of the acrobat]

   It helps you evade while moving and waiting.
   It lets you blink.
 p - a +1 ring of slaying (right hand)
   (You found it on level 12 of the Dungeon)
Wands
 c - a wand of disintegration (9)
   (You found it on level 15 of the Dungeon)
 d - a wand of iceblast (14)
   (You found it on level 6 of the Dungeon)
 l - a wand of scattershot (4)
   (You found it on level 10 of the Dungeon)
 r - a wand of clouds (2)
   (You took it off Maurice on level 10 of the Dungeon)
 t - a wand of flame (25)
   (You found it on level 1 of the Lair of Beasts)
 x - a wand of acid (16)
   (You found it on level 3 of the Lair of Beasts)
 O - a wand of polymorph (14)
   (You found it on level 5 of the Dungeon)
Scrolls
 g - 5 scrolls of identify {@r1}
 m - 3 scrolls of enchant armour
 o - 3 scrolls of immolation {!r}
 q - 7 scrolls of teleportation {@r4}
 u - 15 scrolls of remove curse {@r2}
 v - 4 scrolls of magic mapping
 C - 2 scrolls of fear
 H - 4 scrolls of blinking
 J - a scroll of summoning
 K - a scroll of enchant weapon
 N - 5 scrolls of fog
Potions
 f - 3 potions of resistance
 j - 9 potions of curing {@q1}
 n - a potion of might
 w - a potion of berserk rage
 z - a potion of flight
 A - 3 potions of haste {@q3}
 B - 3 potions of agility
 D - 4 potions of cancellation
 E - 3 potions of invisibility
 F - 4 potions of heal wounds {@q2}
Comestibles
 e - 34 rations {!d}


   Skills:
 * Level 16.6 Fighting
 - Level 18.0 Axes
 + Level 11.3 Armour
 + Level 3.3 Dodging
 - Level 1.5 Stealth
 + Level 13.5 Shields
 + Level 16.5 Invocations


You had 15 spell levels left.
You didn't know any spells.
Your spell library contained the following spells:

 Spells                   Type           Power        Failure   Level  Hunger
 Beastly Appendage        Tmut           #.....       100%        1    ##.....
 Freeze                   Ice            #...         100%        1    ##.....
 Sting                    Conj/Pois      #...         100%        1    ##.....
 Poisonous Vapours        Pois/Air       #.....       100%        2    ###....
 Shroud of Golubria       Chrm/Tloc      #.....       100%        2    ###....
 Sticks to Snakes         Tmut           #.......     100%        2    ###....
 Gell's Gravitas          Tloc           #.........   100%        3    ####...
 Mephitic Cloud           Conj/Pois/Air  #.......     100%        3    ####...
 Spider Form              Tmut/Pois      #.........   100%        3    ####...
 Ice Form                 Ice/Tmut       #.......     100%        4    #####..
 Olgreb's Toxic Radiance  Pois           #.......     100%        4    #####..
 Summon Lightning Spire   Summ/Air       #.......     100%        4    #####..
 Blade Hands              Tmut           #.........   100%        5    ######.
 Metabolic Englaciation   Hex/Ice        #.........   100%        5    ######.
 Silence                  Hex/Air        #.........   100%        5    ######.
 Venom Bolt               Conj/Pois      #.........   100%        5    ######.
 Bolt of Cold             Conj/Ice       #.........   100%        6    #######
 Conjure Ball Lightning   Conj/Air       #.........   100%        6    #######
 Deflect Missiles         Chrm/Air       #.........   100%        6    #######
 Dispersal                Tloc           #.........   100%        6    #######
 Freezing Cloud           Conj/Ice/Air   #.........   100%        6    #######
 Ozocubu's Refrigeration  Ice            #.........   100%        6    #######
 Simulacrum               Ice/Necr       #.........   100%        6    #######
 Disjunction              Tloc           #.........   100%        8    #######
 Tornado                  Air            #.........   100%        9    #######


Dungeon Overview and Level Annotations

Branches:
Dungeon (15/15)            Temple (0/1) D:6            Lair (6/6) D:8
 Shoals (0/4) Lair:3        Snake (2/4) Lair:4        Slime (0/5) Lair:5
    Orc (2/2) D:12            Elf (0/3) Orc:2        Vaults (0/5) D:14
 Depths (0/5) D:15

Altars:
Ashenzari
Dithmenos
Fedhas
Gozag
Makhleb
Okawaru
Trog
Uskayaw
Vehumet
Wu Jian
Yredelemnul
Zin
The Shining One
Beogh
Jiyva

Shops:
D:6 *   D:11 }   D:14 %   Orc:1 *   Orc:2 %[[%(   Snake:1 *=(*

Portals:
Trove: D:15 (give 11 potions of heal wounds)

Annotations:
D:7 1 runed translucent door
D:15 exclusion: Roxanne, Roxanne
Lair:5 1 runed translucent door
Snake:2 Aizul


Innate Abilities, Weirdness & Mutations

Your muscles are strong. (Str +2)


Message History

You slash the naga ritualist! You burn the naga ritualist.
You feel very sick.
* * * LOW HITPOINT WARNING * * *
You are more poisoned.
The black mamba bites your bone dragon.
Your vampire knight blinks!
Your bone dragon bites the naga ritualist!
Your bone dragon claws the naga ritualist!
Your bone dragon tramples the naga ritualist!
The naga ritualist stumbles backwards!
The naga ritualist dies!
Yredelemnul accepts your kill.
A naga warrior comes into view. It is wielding a +0 short sword.
Your phantasmal warrior hits the black mamba.
Your vampire knight completely misses the black mamba.
Your vampire knight bites the black mamba!
Your vampire knight draws strength from the black mamba's injuries!
You are too injured to fight recklessly!
You are too injured to fight recklessly!
You feel sick. You block the black mamba's attack.
Your bone dragon bites the black mamba!!
The black mamba dies!
Yredelemnul accepts your kill.
Your vampire knight casts a spell.
Your vampire knight seems to speed up.
Aizul the Neglectful Guardian comes into view.
Your phantasmal warrior blinks!
You feel sick. What are your orders? t - Shout!
Orders for allies: a - Attack new target. r - Retreat! s - Stop attacking. g - Guard the area. f - Follow me.
Anything else - Cancel.
Gang up on whom?
Aim: Aizul Attack!
You feel sick.
Aizul coils herself and waves her upper body at you.
You block the poison arrow.
Your phantasmal warrior blinks!
You feel sick.
Your vampire knight hits Aizul with a +2 long sword!
Your vampire knight bites Aizul.
Your vampire knight draws strength from Aizul's injuries!
You feel sick. Aizul casts a spell at you. The bolt of poison hits you!!!
You are more poisoned.
You die...
Your body rises from the dead as a mindless zombie.

... . ...... .#
...... .## ......
###...# ......#
####†......
.......##..†.).....
...........@#
........VD..###
.......<.......#
................#
......WSn.N......#
.......V.........#
.................#
.................#
####$...##......


You could see Aizul, a naga warrior, a friendly bone dragon, a friendly ghoul, 2
friendly vampire knights and a friendly phantasmal warrior.

Vanquished Creatures
  Kirke (D:12)
  2 orc warlords
  Snorg (Lair:6)
  The ghost of adept the Severer, a journeyman HOFi of Beogh (Orc:2)
  3 dire elephants (Lair:6)
  Erica (Lair:2)
  3 centaur warriors
  9 hydras
  2 anacondas
  11 two-headed ogres
  11 death yaks
  5 ogre magi
  An orc high priest (Orc:2)
  A shock serpent (Snake:2)
  5 unseen horrors
  A glowing orange brain (D:15)
  2 deep elf magi (D:13)
  2 orc knights (Orc:2)
  A manticore (Lair:3)
  16 ugly things
  2 mana vipers (Snake:1)
  6 cyclopes
  13 slime creatures
  7 elephants (Lair:6)
  A centaur zombie (D:11)
  Maurice (D:10)
  A guardian serpent (shapeshifter) (D:15)
  4 black mambas
  A torpor snail (Lair:5)
  6 spiny frogs
  A gargoyle (D:12)
  A kobold demonologist (D:11)
  2 yaktaurs (D:12)
  5 komodo dragons
  An efreet (D:11)
  2 tengu conjurers (D:15)
  5 trolls
  5 meliai
  A queen bee (shapeshifter) (D:15)
  A hornet (Lair:3)
  A queen bee (Lair:5)
  7 blink frogs
  6 hippogriffs
  2 dream sheep (Lair:5)
  Sigmund (D:2)
  A spriggan (shapeshifter) (D:15)
  21 yaks
  A water elemental (D:14)
  6 wraiths
  5 wyverns
  A human (D:7)
  4 hogs
  3 basilisks
  A vampire mosquito (D:14)
  A steam dragon (D:7)
  2 hungry ghosts (D:13)
  A basilisk (shapeshifter) (D:15)
  6 water moccasins
  An acid dragon (D:14)
  4 ice beasts
  13 orc warriors
  8 porcupines
  4 sky beasts
  2 black bears
  2 eyes of draining
  3 phantoms
  3 necrophages
  11 centaurs
  23 wolves
  13 ogres
  11 crocodiles
  A big kobold (D:12)
  17 bullfrogs
  A wyvern zombie (D:14)
  27 killer bees
  7 wights
  6 howler monkeys
  3 crimson imps
  A bullfrog zombie (D:11)
  A quasit (D:6)
  3 jellies
  2 hounds
  7 orc priests
  5 orc wizards
  6 centaur skeletons
  2 iguanas
  5 worker ants
  A killer bee zombie (D:6)
  A worker ant zombie (D:8)
  13 adders
  6 gnolls
  5 shadow imps
  An ooze (D:1)
  3 adder zombies
  An adder skeleton (D:6)
  A worm (D:2)
  3 dart slugs
  5 leopard geckos
  77 orcs
  8 giant cockroaches
  15 goblins
  7 hobgoblins
  4 jackals (D:2)
  3 quokkas
  7 bats
  4 frilled lizards
  2 goblin skeletons (D:6)
  3 hobgoblin zombies (D:6)
  9 kobolds
  A kobold skeleton (D:6)
  2 kobold zombies (D:6)
  An orc skeleton (D:6)
  13 rats
  A spectral orc (D:5)
  2 fungi
  4 plants (Lair:6)
610 creatures vanquished.

Vanquished Creatures (collateral kills)
  A dire elephant (Lair:6)
  A dire elephant (shapeshifter) (D:15)
  Josephine (D:12)
  A naga warrior (Snake:1)
  3 hydras
  A centaur warrior (D:14)
  A catoblepas (Lair:3)
  3 anacondas (Snake:2)
  9 two-headed ogres (Orc:2)
  A shock serpent (Snake:1)
  A naga sharpshooter (Snake:1)
  2 unseen horrors
  An unseen horror (shapeshifter) (D:15)
  A naga ritualist (Snake:2)
  An oklob plant (Lair:6)
  2 orc knights (Orc:2)
  An orc sorcerer (Orc:2)
  A mana viper (Snake:2)
  An ugly thing (D:14)
  A cyclops (D:14)
  2 salamanders (Snake:1)
  2 manticores
  7 black mambas
  2 centaur zombies
  A centaur skeleton (D:15)
  A naga mage (Snake:2)
  A spiny frog (shapeshifter) (D:14)
  An efreet (D:12)
  A spiny frog (Lair:1)
  A komodo dragon (Lair:6)
  A yaktaur (D:12)
  2 trolls (D:15)
  A polar bear (Lair:3)
  A meliai (Lair:5)
  5 slime creatures
  A hippogriff (Lair:1)
  A blink frog (Lair:3)
  A spriggan (Lair:3)
  3 water elementals (D:14)
  17 yaks
  2 vampires
  A basilisk (Lair:2)
  2 wraiths
  A steam dragon (D:14)
  3 hungry ghosts
  4 wargs (Orc:2)
  10 nagas
  6 orc warriors
  2 water moccasins
  2 phantoms (D:9)
  2 ice beasts
  19 wolves (Lair:3)
  22 ogres (Orc:2)
  3 centaurs
  A crocodile (Lair:6)
  5 bullfrogs
  10 killer bees
  A bullfrog zombie (D:10)
  2 crimson imps
  A jelly (D:14)
  3 orc priests (Orc:2)
  A gnoll shaman (D:10)
  3 orc wizards (Orc:2)
  20 orcs
  A bush (Lair:3)
  14 fungi
  3 plants (Lair:6)
230 creatures vanquished.

Vanquished Creatures (others)
  A ghoul (Orc:2)
  A spectral human (D:15)
  A skeletal warrior (Orc:2)
  6 flayed ghosts
  4 phantasmal warriors
  A deep elf mage (D:15)
  A dire elephant skeleton (Lair:6)
  A hydra zombie (Lair:6)
  8 flying skulls
  2 wraiths
  2 vampires
  A human (D:12)
  A blink frog skeleton (Lair:3)
  3 elephant skeletons (Lair:6)
  2 water moccasin zombies (Lair:6)
  A wight (Lair:2)
  A yak skeleton (Lair:6)
  10 wolf zombies (Lair:3)
  3 wolf skeletons (Lair:3)
  A centaur zombie (D:14)
  2 bullfrog skeletons (Lair:5)
  2 crocodile skeletons (Lair:6)
  A hound zombie (D:12)
  2 mummies
  2 orc zombies
  An adder skeleton (D:12)
  6 orc skeletons
  22 fungi
  10 plants
99 creatures vanquished.

Grand Total: 939 creatures vanquished

Notes
Turn   | Place    | Note
-------+----------+-------------------------------------------
     0 | D:1      | vurker the Hill Orc Monk began the quest for the Orb.
     0 | D:1      | Reached XP level 1. HP: 19/19 MP: 1/1
   354 | D:1      | Reached XP level 2. HP: 27/27 MP: 2/2
   655 | D:1      | Reached skill level 5 in Axes
   820 | D:1      | Reached XP level 3. HP: 33/33 MP: 3/3
  1425 | D:2      | Reached XP level 4. HP: 29/41 MP: 4/4
  1730 | D:2      | Found an ornate altar of the Wu Jian Council.
  1995 | D:2      | Reached skill level 6 in Axes
  2462 | D:2      | Noticed Sigmund
  2529 | D:2      | Found a faded altar of an unknown god.
  2788 | D:3      | Found a blossoming altar of Fedhas.
  2840 | D:3      | Reached XP level 5. HP: 47/47 MP: 5/5
  2965 | D:3      | Found a shadowy altar of Dithmenos.
  3257 | D:3      | Reached skill level 5 in Fighting
  3267 | D:3      | Gained mutation: You tend to lose your temper in combat.
                  | [potion of mutation]
  3267 | D:3      | Gained mutation: Your muscles are strong. (Str +2) [potion
                  | of mutation]
  3267 | D:3      | Lost mutation: You tend to lose your temper in combat.
                  | [potion of mutation]
  3676 | D:3      | Found a glowing silver altar of Zin.
  3676 | D:3      | Found an opulent altar of Gozag.
  3945 | D:4      | Reached skill level 7 in Axes
  5122 | D:5      | Entered Level 5 of the Dungeon
  5218 | D:5      | Noticed a centaur
  5219 | D:5      | Reached XP level 6. HP: 52/56 MP: 6/6
  5234 | D:5      | Reached skill level 8 in Axes
  5256 | D:5      | Reached XP level 7. HP: 37/63 MP: 7/7
  5417 | D:5      | Reached skill level 9 in Axes
  5603 | D:5      | Found a hide-covered altar of Uskayaw.
  5860 | D:5      | Found a basalt altar of Yredelemnul.
  5872 | D:5      | Became a worshipper of Yredelemnul the Dark
  5872 | D:5      | Reached * piety under Yredelemnul
  5872 | D:5      | Reached ** piety under Yredelemnul
  6140 | D:6      | Found an iron altar of Okawaru.
  6369 | D:6      | Found a staircase to the Ecumenical Temple.
  6461 | D:6      | Reached skill level 1 in Invocations
  6553 | D:6      | Found Xihiut's Assorted Antiques.
  6746 | D:6      | Reached skill level 10 in Axes
  6746 | D:6      | Reached XP level 8. HP: 38/73 MP: 8/10
  7024 | D:6      | Found a burning altar of Makhleb.
  7108 | D:6      | Found a glowing golden altar of the Shining One.
  7461 | D:6      | Found a bloodstained altar of Trog.
  7631 | D:6      | Found a radiant altar of Vehumet.
  7805 | D:6      | Reached skill level 11 in Axes
  8331 | D:7      | Reached *** piety under Yredelemnul
  8344 | D:6      | Reached skill level 5 in Invocations
  8344 | D:6      | Reached XP level 9. HP: 55/81 MP: 4/12
  8610 | D:7      | Found a shattered altar of Ashenzari.
  8622 | D:7      | Found a glowing golden altar of the Shining One.
  8622 | D:7      | Found a runed translucent door.
  8622 | D:7      | Noticed an angel
  8687 | D:7      | Reached skill level 12 in Axes
  8970 | D:7      | Reached skill level 1 in Shields
  9810 | D:8      | Found a burning altar of Makhleb.
  9901 | D:8      | Reached skill level 13 in Axes
  9953 | D:8      | Reached XP level 10. HP: 75/91 MP: 5/15
 10048 | D:8      | Noticed a death yak
 10048 | D:8      | Noticed a death yak
 10048 | D:8      | Noticed a death yak
 10049 | D:8      | Noticed a death yak
 10049 | D:8      | Noticed a death yak
 10556 | D:8      | Noticed a death yak
 10559 | D:8      | Noticed a death yak
 10578 | D:7      | Killed a death yak
 10582 | D:7      | Killed a death yak
 10982 | D:8      | Killed a death yak
 10982 | D:8      | Reached skill level 14 in Axes
 11246 | D:8      | Found a staircase to the Lair.
 11646 | D:7      | Killed a death yak
 11646 | D:7      | Reached skill level 10 in Fighting
 11646 | D:7      | Reached skill level 5 in Shields
 11887 | D:9      | Reached **** piety under Yredelemnul
 11986 | D:9      | Reached XP level 11. HP: 80/100 MP: 8/17
 12122 | D:9      | Received a gift from Yredelemnul (2 flying skulls)
 13144 | D:10     | Entered Level 10 of the Dungeon
 13149 | D:10     | Reached skill level 15 in Axes
 13236 | D:10     | Got a vibrating copper amulet
 13237 | D:10     | Identified the amulet "Maqun" {Acrobat +Blink} (You found
                  | it on level 10 of the Dungeon)
 13347 | D:10     | Received a gift from Yredelemnul (a mummy)
 13486 | D:10     | Noticed Maurice
 13507 | D:10     | Killed Maurice
 14404 | D:10     | Reached ***** piety under Yredelemnul
 14748 | D:11     | Found Gyptux's Gadget Emporium.
 15004 | D:11     | You fall into a shaft and drop 3 floors!
 15137 | D:14     | Noticed a two-headed ogre
 15175 | D:14     | Received a gift from Yredelemnul (a mummy)
 15181 | D:14     | Killed a two-headed ogre
 15181 | D:14     | Reached skill level 10 in Invocations
 15357 | D:14     | Noticed a cyan ugly thing
 15357 | D:14     | Noticed a cyan ugly thing
 15365 | D:14     | Noticed a cyan ugly thing
 15365 | D:14     | Noticed a cyan ugly thing
 15366 | D:14     | Noticed a cyan ugly thing
 15374 | D:14     | Killed a green ugly thing
 15378 | D:14     | Killed a cyan ugly thing
 15378 | D:14     | Reached skill level 16 in Axes
 15381 | D:14     | Killed a green ugly thing
 15388 | D:14     | Killed a purple ugly thing
 15388 | D:14     | Reached XP level 12. HP: 74/110 MP: 6/19
 15933 | D:13     | Noticed a centaur warrior
 15976 | D:13     | Killed a centaur warrior
 17117 | D:11     | Noticed a seven-headed hydra
 17130 | D:11     | Killed a three-headed hydra
 17130 | D:11     | Reached skill level 17 in Axes
 18046 | D:9      | Killed a death yak
 18424 | D:8      | Found a staircase to the Lair.
 18553 | D:9      | Killed a death yak
 18553 | D:9      | Reached skill level 1 in Armour
 18561 | D:8      | Killed a death yak
 18782 | D:8      | Found a burning altar of Makhleb.
 18933 | Lair:1   | Entered Level 1 of the Lair of Beasts
 19302 | Lair:1   | Received a gift from Yredelemnul (a wight)
 19626 | Lair:1   | Reached XP level 13. HP: 118/118 MP: 7/21
 20259 | D:6      | Bought a shiny plate armour for 676 gold pieces
 20947 | Lair:2   | Noticed Erica
 20964 | Lair:2   | Killed Erica
 21086 | Lair:2   | Found a radiant altar of Vehumet.
 21334 | Lair:3   | Received a gift from Yredelemnul (4 flying skulls)
 21463 | Lair:3   | Received a gift from Yredelemnul (a vampire)
 21799 | Lair:3   | Reached skill level 5 in Armour
 21804 | Lair:3   | Received a gift from Yredelemnul (2 flying skulls)
 22429 | Lair:3   | Reached skill level 18 in Axes
 22575 | Lair:3   | Found a staircase to the Shoals.
 22741 | Lair:3   | Reached skill level 10 in Shields
 23083 | Lair:3   | Identified a scroll of acquirement
 23162 | Lair:4   | Found a gate leading to a gauntlet.
 23171 | Gauntlet | Entered a Gauntlet
 23171 | Gauntlet | Found a transporter.
 23171 | Gauntlet | Found a transporter.
 23171 | Gauntlet | Found a transporter.
 23172 | Gauntlet | Found a transporter.
 23176 | Gauntlet | Found a transporter.
 23185 | Gauntlet | Found a transporter.
 23250 | Gauntlet | Found a transporter.
 23260 | Gauntlet | Found a transporter.
 23275 | Gauntlet | Found a transporter.
 23290 | Gauntlet | Found a transporter.
 23300 | Gauntlet | Found a transporter.
 23306 | Gauntlet | Found a transporter.
 23461 | Lair:4   | Reached XP level 14. HP: 60/128 MP: 1/23
 23976 | Lair:4   | Got an ichor-stained scale mail
 24012 | Lair:4   | Found a staircase to the Snake Pit.
 24576 | Lair:5   | Found a runed translucent door.
 24576 | Lair:5   | Found a viscous altar of Jiyva.
 24576 | Lair:5   | Found a staircase to the Slime Pits.
 24576 | Lair:5   | Noticed an azure jelly
 24576 | Lair:5   | Noticed an azure jelly
 24576 | Lair:5   | Noticed an azure jelly
 24576 | Lair:5   | Noticed an azure jelly
 24576 | Lair:5   | Noticed an azure jelly
 25188 | Lair:5   | Received a gift from Yredelemnul (a wraith)
 25274 | Lair:5   | Received a gift from Yredelemnul (a wraith)
 25676 | Lair:5   | Received a gift from Yredelemnul (a vampire)
 25816 | Lair:6   | Entered Level 6 of the Lair of Beasts
 26091 | Lair:6   | Noticed Snorg
 26206 | Lair:6   | Killed Snorg
 26852 | Lair:6   | Reached ****** piety under Yredelemnul
 27395 | Lair:6   | Noticed a dire elephant
 27411 | Lair:6   | Killed a dire elephant
 27451 | Lair:6   | Noticed a dire elephant
 27451 | Lair:6   | Noticed a dire elephant
 27470 | Lair:6   | Killed a dire elephant
 27493 | Lair:6   | Killed a dire elephant
 27834 | Lair:6   | Noticed a dire elephant
 27850 | Lair:6   | Killed a dire elephant
 28100 | D:2      | Found an ornate altar of the Wu Jian Council.
 28128 | D:2      | Killed Sigmund
 28257 | D:2      | Found a faded altar of an unknown god.
 28738 | D:12     | Received a gift from Yredelemnul (a flayed ghost)
 28801 | D:12     | Found a staircase to the Orcish Mines.
 28805 | D:12     | Noticed Kirke
 28824 | D:12     | Killed Kirke
 29124 | D:12     | Noticed Josephine
 29138 | D:12     | Killed Josephine
 29175 | D:12     | Received a gift from Yredelemnul (a flayed ghost)
 29200 | D:12     | Reached XP level 15. HP: 125/138 MP: 8/25
 30771 | D:13     | Received a gift from Yredelemnul (a phantasmal warrior)
 30850 | D:14     | Found Fucki's Food Shoppe.
 30981 | D:14     | Reached skill level 15 in Fighting
 31039 | D:14     | Received a gift from Yredelemnul (a vampire knight)
 31048 | D:14     | Reached skill level 15 in Invocations
 31496 | D:14     | Received a gift from Yredelemnul (a skeletal warrior)
 31566 | D:14     | Found a gate to the Vaults.
 31882 | D:15     | Entered Level 15 of the Dungeon
 31975 | D:15     | Noticed Rupert
 31984 | D:15     | Paralysed by Rupert for 5 turns
 31990 | D:15     | Killed Rupert
 31990 | D:15     | Enslaved Rupert
 32040 | D:15     | Received a gift from Yredelemnul (a phantasmal warrior)
 32466 | D:15     | Reached skill level 10 in Armour
 32580 | D:15     | Found a staircase to the Depths.
 32592 | D:15     | Your ally Rupert died
 32596 | D:15     | Received a gift from Yredelemnul (a flayed ghost)
 32887 | D:15     | Noticed a sphinx
 32890 | D:15     | Noticed a fire giant
 32890 | D:15     | a sphinx changed into a fire giant
 32893 | D:15     | a fire giant changed into a dire elephant
 33409 | D:15     | Identified Qeckack's Volume of the Snowflakes and the
                  | Traveller
 33592 | D:15     | Received a gift from Yredelemnul (a phantasmal warrior)
 33764 | D:15     | Noticed Roxanne
 33822 | D:15     | Found a portal to a secret trove of treasure.
 34215 | D:14     | Found the +9 staff of Wucad Mu {channel}
 34221 | D:14     | Received a gift from Yredelemnul (a flayed ghost)
 34473 | Orc:1    | Entered Level 1 of the Orcish Mines
 34475 | Orc:1    | You fall into a shaft and drop 1 floor!
 34475 | Orc:2    | Entered Level 2 of the Orcish Mines
 34488 | Orc:2    | Received a gift from Yredelemnul (a phantasmal warrior)
 34749 | Orc:2    | Found a staircase to the Elven Halls.
 34789 | Orc:2    | Received a gift from Yredelemnul (a vampire knight)
 34862 | Orc:2    | Found Ozism's Antique Armour Shoppe.
 34862 | Orc:2    | Found Colal's Antique Weapon Boutique.
 34862 | Orc:2    | Found Janyrofe's Armour Shop.
 34862 | Orc:2    | Found Huyskiuz's Food Shoppe.
 34874 | Orc:2    | Reached XP level 16. HP: 127/150 MP: 22/27
 34875 | Orc:2    | Received a gift from Yredelemnul (a ghoul)
 34894 | Orc:2    | Received a gift from Yredelemnul (a bone dragon)
 35131 | Orc:2    | Found Wyuduc Vuaxi's Food Shop.
 35174 | Orc:2    | Found a runed translucent gate.
 35175 | Orc:2    | Found a runed translucent gate.
 35175 | Orc:2    | Identified the +6 morningstar of Luvog {holy, rElec rPois
                  | Str-2 SInv}
 35175 | Orc:2    | Identified the +10 plate armour of the Meadowlark {+Inv
                  | rElec Regen+ Int-4}
 35176 | Orc:2    | Found a runed translucent gate.
 35176 | Orc:2    | Noticed adept's ghost (journeyman HOFi)
 35177 | Orc:2    | Identified the amulet of Jenkourr {+Rage Int+4}
 35352 | Orc:2    | Identified the +0 scale mail "Esken" {rPois Dex+2}
 35580 | Orc:2    | Found a roughly hewn altar of Beogh.
 35611 | Orc:1    | Received a gift from Yredelemnul (a flayed ghost)
 35894 | Orc:1    | Received a gift from Yredelemnul (a flayed ghost)
 36004 | Orc:1    | Found Qiozi's Assorted Antiques.
 36391 | Orc:2    | Killed adept's ghost
 36391 | Orc:2    | Received a gift from Yredelemnul (a phantasmal warrior)
 36828 | Snake:1  | Entered Level 1 of the Snake Pit
 36989 | Snake:1  | Found Xodi Ine's Antique Weapon Shoppe.
 36991 | Snake:1  | Found Buockeff's Assorted Antiques.
 36992 | Snake:1  | Found Toefovuha's General Store.
 36993 | Snake:1  | Found Kiammyigusk's Jewellery Shoppe.
 37255 | Snake:1  | Received a gift from Yredelemnul (a ghoul)
 38188 | Snake:2  | Noticed Aizul
 38192 | Snake:2  | Killed from afar by Aizul

Levels and vault maps discovered:
D:1:      dpeg_cavernosity, layout_loops_ring
D:2:      layout_rooms, nicolae_overflow_crystal_walls,
          chequers_ecumenical_altar_lobes, uniq_sigmund
D:3:      layout_loops_cross, grunt_temple_overflow_gold_and_silver,
          grunt_dithmenos_smoke, fedhas_altar_3
D:4:      layout_cave_pods, first_ration, mrwooster_statue_mirror
D:5:      layout_cave_pools, lemuel_crystal_altar,
          yredelemnul_forgotten_temple_becter, item_on_display_a
D:6:      layout_basic, trog_eyes_of_draining, lemuel_coloured_pillars_altar,
          overflow_temple_1_default, nicolae_tso_besieged_by_evil,
          vehumet_crystals, minmay_temple_entry_tees, serial_shops, shop,
          kennysheep_decorative_pillar, minmay_misc_feat_rows
D:7:      layout_rooms, kennysheep_mini, grunt_livestock, grunt_ministairs_2,
          dk_noncrumbling_2, minivault_11, lemuel_angel_altar
D:8:      layout_cave_pools, dpeg_lair_monsters, basic_altar
D:9:      layout_roguey
D:10:     layout_long_grid, uniq_maurice
D:11:     layout_stronghold, serial_shops, nicolae_shop_trees
D:12:     layout_layer_cave, orc_0_dummy, minmay_pinched_square, uniq_kirke,
          uniq_josephine
D:13:     layout_gridville, hangedman_decor_points, minmay_stone_trees_medium
D:14:     minmay_clustersquares, layout_small_grid, david_vaults_2,
          serial_shops, shop_fountains, nicolae_underground_beach
D:15:     gammafunk_enter_depths_forms, layout_loops_ring,
          minmay_misc_feat_four_crosses, nicolae_trove_entry_diagonal,
          uniq_roxanne, uniq_rupert
Lair:1:   layout_big_grid, grunt_megastairs_2
Lair:2:   layout_regular_city, basic_altar, uniq_erica
Lair:3:   layout_roguey, minmay_shoals_entry_beasts,
          grunt_forest_large_clearings
Lair:4:   layout_roguey, minmay_snake_entry_guardpost_small,
          gauntlet_entry_generic, grunt_megastairs_1
Lair:5:   layout_cave_pods, slime_altar_2, special_room [special_room_bee],
          st_stairs_6
Lair:6:   due_jungle_book, layout_cave_shapes, serial_bayou_lagoon_a,
          chequers_serial_rivers_small_a, uniq_snorg
Snake:1:  layout_chambers, minmay_shop_grid_forest, grunt_megastairs_3
Snake:2:  layout_onion, st_stairs_3, uniq_saint_roka, uniq_vashnia, uniq_aizul,
          uniq_nikola
Orc:1:    layout_diamond_mine, serial_shops, nicolae_shop_behind_doors,
          minmay_orc_barracks
Orc:2:    st_orc_ogre_mass, layout_caves, serial_shops, shop,
          biasface_ghost_orc_armoury

Skill      XL: |  1  2  3  4  5  6  7  8  9 10 11 12 13 14 15 16 |
---------------+-------------------------------------------------+-----
Fighting       | 4 5 6 7 8 9 10 11 12 13 14 15 16 | 16.6
Axes           | 5 6 7 8 10 11 13 14 16 17 18 | 18.0
Invocations    | 2 5 7 8 10 11 13 14 15 16 | 16.5
Shields        | 3 5 7 8 10 11 13 | 13.5
Armour         | 2 6 8 10 11 | 11.3
Dodging        | 3 |  3.3
Stealth        | |  1.5

Action                   |  1- 3 |  4- 6 |  7- 9 | 10-12 | 13-15 | 16-18 || total
-------------------------+-------+-------+-------+-------+-------+-------++-------
Melee: Hand axe          |   138 |   268 |   217 |       |       |       ||   623
       War axe           |       |       |   167 |   599 |   808 |       ||  1574
       Scimitar          |       |       |       |     5 |    55 |    70 ||   130
       Unarmed           |       |       |       |       |     7 |       ||     7
       Broad axe         |       |       |       |       |   369 |   171 ||   540
Invok: Recall Undead Sla |       |       |       |     1 |     2 |     3 ||     6
       Animate Dead      |       |       |       |       |    27 |     5 ||    32
       Drain Life        |       |       |       |       |     3 |     3 ||     6
       Enslave Soul      |       |       |       |       |     1 |       ||     1
Evoke: Wand              |       |       |     3 |    15 |     2 |       ||    20
  Use: Scroll            |       |     9 |     7 |     8 |     8 |       ||    32
       Potion            |       |     3 |     1 |    13 |       |       ||    17
 Stab: Sleeping          |     6 |       |       |       |       |       ||     6
       Distracted        |       |       |       |     1 |    10 |     2 ||    13
       Confused          |       |       |       |       |     2 |       ||     2
       Paralysed         |       |       |       |       |       |     4 ||     4
  Eat: Chunk             |     2 |     3 |     4 |    17 |    37 |     9 ||    72
       Ration            |       |     3 |     3 |     6 |     8 |     2 ||    22
Armor: Robe              |    35 |     5 |       |       |       |       ||    40
       Chain mail        |       |   128 |   186 |   196 |    10 |       ||   520
       Skin              |       |     3 |       |       |       |       ||     3
       Plate armour      |       |       |       |       |   530 |    80 ||   610
Dodge: Dodged            |   110 |   105 |   129 |   119 |   226 |    56 ||   745
       Deflected         |       |       |       |       |     7 |     6 ||    13
Block: Shield            |       |       |    43 |   218 |   125 |       ||   386
       Large shield      |       |       |       |       |   771 |   251 ||  1022
       Rpst.: Scimitar   |       |       |       |     1 |     7 |     7 ||    15

Table legend:
 A = Non-vault XP
 B = Vault XP
 C = Vault XP percentage of total XP
 D = Non-vault monster count
 E = Vault monster count
 F = Vault count percentage of total count
                 A         B        C        D         E       F
            +---------+---------+-------+---------+---------+-------
      Total |   99826 |   59019 |  37.2 |     580 |     237 |  29.0
            +---------+---------+-------+---------+---------+-------
        D:1 |      54 |       7 |  11.5 |      27 |       4 |  12.9
        D:2 |     100 |     227 |  69.4 |      27 |       1 |   3.6
        D:3 |      90 |       0 |   0.0 |      24 |       0 |   0.0
        D:4 |      57 |       0 |   0.0 |       2 |       0 |   0.0
        D:5 |     543 |       1 |   0.2 |      11 |       1 |   8.3
        D:6 |    1259 |     373 |  22.9 |      26 |      14 |  35.0
        D:7 |    1005 |    3521 |  77.8 |      17 |      13 |  43.3
        D:8 |    1893 |    1709 |  47.4 |      18 |       2 |  10.0
        D:9 |    1968 |    1764 |  47.3 |      31 |       2 |   6.1
       D:10 |    2015 |     423 |  17.4 |      30 |       1 |   3.2
       D:11 |    4452 |       0 |   0.0 |      24 |       0 |   0.0
       D:12 |    4188 |    6586 |  61.1 |      22 |      22 |  50.0
       D:13 |    7619 |       0 |   0.0 |      25 |       0 |   0.0
       D:14 |   15594 |    5708 |  26.8 |      42 |      17 |  28.8
       D:15 |   10870 |    2984 |  21.5 |      41 |       7 |  14.6
     Lair:1 |    2135 |     315 |  12.9 |      11 |       1 |   8.3
     Lair:2 |    3926 |     950 |  19.5 |      16 |       1 |   5.9
     Lair:3 |    8315 |    3967 |  32.3 |      40 |      36 |  47.4
     Lair:4 |    6895 |    1387 |  16.7 |      15 |       5 |  25.0
     Lair:5 |    4313 |    2217 |  34.0 |      16 |      25 |  61.0
     Lair:6 |    9617 |    3711 |  27.8 |      25 |       6 |  19.4
    Snake:1 |    4721 |     913 |  16.2 |      15 |       2 |  11.8
    Snake:2 |    4117 |       0 |   0.0 |      12 |       0 |   0.0
      Orc:1 |    2226 |    1736 |  43.8 |      29 |      17 |  37.0
      Orc:2 |    1854 |   20520 |  91.7 |      34 |      60 |  63.8
            +---------+---------+-------+---------+---------+-------
